 Dungeon Crawl Stone Soup version 0.25-a0-663-gace7076f2c (webtiles) character file.

Game seed: 3909314739555797184, levelgen mode: deterministic

70 kae the Gusty (level 4, -4/24 HPs)
             Began as a Tengu Air Elementalist on Mar 24, 2020.
             Slain by a worm (9 damage)
             ... on level 3 of the Dungeon.
             The game lasted 00:01:49 (2375 turns).

kae the Gusty (Tengu Air Elementalist)              Turns: 2375, Time: 00:01:49

Health: -4/24      AC:  3    Str:  5 (8)  XL:     4   Next: 22%
Magic:  1/8        EV: 12    Int: 15 (17) God:
Gold:   137        SH:  0    Dex: 13 (14) Spells: 7/8 levels left

rFire    . . .     SeeInvis .   (no weapon)
rCold    . . .     Gourm    .   (no shield)
rNeg     . . .     Faith    .   a - +0 robe
rPois    .         Spirit   .   (helmet restricted)
rElec    .         Reflect  .   (no cloak)
rCorr    .         Harm     .   b - +0 pair of gloves
MR       .....                  (boots unavailable)
Stlth    ++........             (no amulet)
HPRegen  0.08/turn              (no ring)
MPRegen  0.11/turn              (no ring)

@: no status effects
A: beak, talons 3
a: no special abilities


You were on level 3 of the Dungeon.
You were hungry.

You visited 1 branch of the dungeon, and saw 3 of its levels.

You collected 137 gold pieces.

Inventory:

Armour
 a - a +0 robe (worn)
 b - a +0 pair of gloves (worn)
Jewellery
 f - an uncursed amulet of harm
Scrolls
 e - a scroll of teleportation
 g - a scroll of remove curse
 i - a scroll of blinking
Potions
 d - a potion of haste {unknown}
Comestibles
 c - 6 rations


   Skills:
 - Level 2.1 Dodging
 - Level 2.0 Stealth
 + Level 2.6 Spellcasting
 + Level 2.8 Conjurations
 * Level 5.4 Air Magic


You had 7 spell levels left.
You knew the following spells:

 Your Spells              Type           Power        Failure   Level  Hunger
a - Shock                 Conj/Air       ##..         3%          1    #......

Your spell library contained the following spells:

 Spells                   Type           Power        Failure   Level  Hunger
 Swiftness                Chrm/Air       ##......     11%         2    ###....
 Static Discharge         Conj/Air       ##......     12%         3    ###....
 Airstrike                Air            ###.......   22%         4    #####..
 Lightning Bolt           Conj/Air       ##........   71%         5    ######.


Dungeon Overview and Level Annotations

Branches:
Dungeon (3/15)

Altars:


Innate Abilities, Weirdness & Mutations

You have a beak for a mouth.
You have claws for feet.


Message History

You barely miss the worm.
The worm is severely wounded.
The worm bites you.
You hit the worm but do no damage. You claw the worm.
The worm is severely wounded.
You are too injured to fight recklessly!
You are too injured to fight recklessly!
You barely miss the worm.
The worm is severely wounded.
The worm bites you.
* * * LOW HITPOINT WARNING * * *
You hit the worm but do no damage.
The worm is severely wounded.
You hit the worm.
The worm is severely wounded.
The worm barely misses you.
You hit the worm.
The worm is severely wounded.
The worm bites you!
You die...

#####.....#########
..........#
####.....# #.....#
#>....# #.##.##
####.##.# #....##.#
#@####... #w# .#
#.# #.# #.....)..#
.........#
..#####..# ....
#..##


You could see a worm.

Vanquished Creatures
  An adder (D:2)
  An ooze (D:2)
  A worm (D:2)
  2 dart slugs (D:1)
  An orc (D:3)
  4 bats
  2 giant cockroaches
  4 hobgoblins
  3 jackals (D:1)
  8 kobolds (D:1)
  2 ball pythons (D:2)
  4 frilled lizards
  9 goblins
  5 rats
47 creatures vanquished.

Notes
Turn   | Place    | Note
-------+----------+-------------------------------------------
     0 | D:1      | kae the Tengu Air Elementalist began the quest for the Orb.
     0 | D:1      | Reached XP level 1. HP: 10/10 MP: 4/4
   118 | D:1      | Reached XP level 2. HP: 14/15 MP: 3/6
   406 | D:1      | Reached XP level 3. HP: 14/19 MP: 1/7
   723 | D:1      | Reached skill level 5 in Air Magic
  1794 | D:2      | Reached XP level 4. HP: 24/24 MP: 1/8
  2375 | D:3      | Slain by a worm

Levels and vault maps discovered:
D:1:      minmay_arrival_three_doors, layout_basic, minmay_tetromino_t2
D:2:      layout_rooms
D:3:      layout_loops_ring, first_ration, portal_sewer_entry_a, tgw_xom

Skill      XL: |  1  2  3 |
---------------+----------+-----
Conjurations   | 2 |  2.8
Air Magic      | 5 |  5.4
Dodging        | |  2.1
Stealth        | |  2.0
Spellcasting   | |  2.6

Action                   |  1- 3 |  4- 6 || total
-------------------------+-------+-------++-------
Melee: Unarmed           |    45 |    45 ||    90
       Peck              |     7 |     7 ||    14
       Kick              |     6 |    12 ||    18
 Cast: Shock             |    73 |    18 ||    91
  Use: Scroll            |     3 |     3 ||     6
       Potion            |       |     2 ||     2
  Eat: Chunk             |     3 |     2 ||     5
Armor: Robe              |    14 |     4 ||    18
Dodge: Dodged            |    59 |    19 ||    78

Table legend:
 A = Non-vault XP
 B = Vault XP
 C = Vault XP percentage of total XP
 D = Non-vault monster count
 E = Vault monster count
 F = Vault count percentage of total count
                 A         B        C        D         E       F
            +---------+---------+-------+---------+---------+-------
      Total |      99 |       2 |   2.0 |      46 |       1 |   2.1
            +---------+---------+-------+---------+---------+-------
        D:1 |      50 |       2 |   3.8 |      29 |       1 |   3.3
        D:2 |      46 |       0 |   0.0 |      16 |       0 |   0.0
        D:3 |       3 |       0 |   0.0 |       1 |       0 |   0.0
            +---------+---------+-------+---------+---------+-------
